[Event "Early-Titled-Tuesday-Blitz-May-14-2024"]
[Site "Chess.com"]
[Date "2024.05.14"]
[Round "7"]
[White "Slovineanu"]
[Black "tarno17"]
[Result "1-0"]
[WhiteElo "2488"]
[BlackElo "2178"]
[TimeControl "180+1"]
[EndTime "9:20:03 PDT"]
[Termination "Slovineanu won on time"]

1. d4 d5 2. Nf3 Nf6 3. c4 e6 4.
e3 Be7 5. b3 O-O 6. Bd3 c5 7. O-O Nc6 8. Bb2 cxd4 9. exd4 dxc4 10. bxc4 Qb6 11. Qb3 Qa5 12. Nc3 Qh5 13. d5 Nb4 14.
Be2 exd5 15. cxd5 Nbxd5 16. Nd4 Qe5 17. Nxd5 Qxd5 18. Bc4 Qh5 19. Rad1 Ne4 20. Rfe1 Nc5 21. Qg3 Bf6 22. Ba3 Bd7 23. Nf3 Be6 24. Bxc5 Qxc5 25.
Bxe6 fxe6 26. Rxe6 Rad8 27. Rde1 Qc3 28. h4 Bd4 29.
R1e2 Qc1+ 30. Kh2 Qc5 31. Re7 Bf6 32. Rxb7 Rd5 33. Qc7 Rh5 34. Qxc5 1-0

[Event "Early-Titled-Tuesday-Blitz-May-14-2024"]
[Site "Chess.com"]
[Date "2024.05.14"]
[Round "7"]
[White "patzer-reloaded"]
[Black "Felix-Rose"]
[Result "1-0"]
[WhiteElo "2404"]
[BlackElo "2248"]
[TimeControl "180+1"]
[EndTime "9:20:03 PDT"]
[Termination "patzer-reloaded won by resignation"]

1. d3 Nf6 2. Nf3 d5 3. g3 g6 4. Bg2 Bg7 5. O-O O-O 6. c4 dxc4 7. dxc4 Be6 8. Qb3 Nbd7 9. Ng5 Nc5 10. Qa3 b6 11. Nxe6 Nxe6 12. Bxa8 Qxa8 13. Be3 Ng4 14.
Nd2 Nxe3 15. Qxe3 Bxb2 16. Rad1 h5 17. Qe4 Qe8 18. Nf3 Qa4 19. Rd2 Bc3 20. Qc2 Qa5 21. Rd3 Bf6 22. h4 Nc5 23. Rd5 e6 24. Rdd1 Kg7 25.
Ng5 Bxg5 26. hxg5 Qa6 27. Qb2+ Kg8 28. Rd4 e5 29. Rd5 Qxc4 30. Qxe5 Qxa2 31. Rfd1 Ne6 32. Rd7 Qc2 33. R1d2 Qb1+ 34. Kg2 a5 35. Re7 Qb3 36. Rdd7 a4 37. Qf6 a3 38. Kg1 a2 39. Kg2 Qc4 40.
Rxf7 Rxf7 41. Qxf7+ 1-0

[Event "Early-Titled-Tuesday-Blitz-May-14-2024"]
[Site "Chess.com"]
[Date "2024.05.14"]
[Round "7"]
[White "ChristopherYoo"]
[Black "crescentmoon2411"]
[Result "1-0"]
[WhiteElo "3004"]
[BlackElo "2852"]
[TimeControl "180+1"]
[EndTime "9:20:04 PDT"]
[Termination "ChristopherYoo won on time"]

1. e4 c6 2. Nf3 d5 3. Nc3 Bg4 4. d4 e6 5. Be2 dxe4 6. Nxe4 Nd7 7. h3 Bxf3 8. Bxf3 Ngf6 9. Nxf6+ Nxf6 10. O-O Bd6 11.
c4 Qc7 12. Bg5 Qe7 13. Qb3 O-O 14. Rfe1 Rab8 15. Rad1 h6 16. Bd2 Rfe8 17. Bc3 Qc7 18. Qc2 b5 19. b3 bxc4 20. bxc4 Bb4 21. Rb1 Bxc3 22. Qxc3 c5 23. Rxb8 Rxb8 24. d5 exd5 25. cxd5 Qd6 26. Qa5 Rb7 27. Rc1 Rc7 28. Qb5 g6 29. a4 Nd7 30. g3 Ne5 31. Be4 c4 32. f4 Nd7 33. Rxc4 Nc5 34. Qb4 h5 35. a5 h4 36. Qb8+ Kh7 37. gxh4 Qe7 38. f5 Kg7 39. Qb2+ f6 40. Qg2 Nxe4 41. Qxe4 1-0

[Event "Early-Titled-Tuesday-Blitz-May-14-2024"]
[Site "Chess.com"]
[Date "2024.05.14"]
[Round "7"]
[White "Mops_2004"]
[Black "hikaruchija"]
[Result "1-0"]
[WhiteElo "2818"]
[BlackElo "2607"]
[TimeControl "180+1"]
[EndTime "9:20:05 PDT"]
[Termination "Mops_2004 won on time"]

1. g3 g6 2. Bg2 Bg7 3. d4 d6 4. e4 Nd7 5. Nc3 e5 6. Nf3 exd4 7. Nxd4 Ngf6 8. O-O O-O 9. h3 c6 10. Nb3 Qc7 11. a4 Re8 12. Re1 a5 13. f4 Nb6 14.
Rb1 Nh5 15. g4 Nf6 16. Be3 Be6 17. Nd4 Bc4 18. b3 Ba6 19. Bf2 h5 20. g5 Nfd7 21. Qd2 Nc5 22. Rbd1 Rad8 23. Nb1 Nbd7 24. Re3 Nf8 25.
f5 Be5 26. Ree1 Qb8 27. Nf3 Bh8 28. Nh4 Be5 29. Qxa5 Bf4 30. Be3 Bxe3+ 31. Rxe3 b6 32. Qc3 d5 33. exd5 Rxe3 34. Qxe3 cxd5 35. Rxd5 Rxd5 36.
Bxd5 Qd6 37. Nc3 Kg7 38. Qd4+ f6 39. b4 Ncd7 40. Ne4 Qe5 41. gxf6+ Kh7 42. Ng5+ 1-0

[Event "Early-Titled-Tuesday-Blitz-May-14-2024"]
[Site "Chess.com"]
[Date "2024.05.14"]
[Round "7"]
[White "Journey_to_GrandMaster_YT"]
[Black "JaloliddinIlkhomi"]
[Result "0-1"]
[WhiteElo "2564"]
[BlackElo "2756"]
[TimeControl "180+1"]
[EndTime "9:20:05 PDT"]
[Termination "JaloliddinIlkhomi won by resignation"]

1. d4 Nf6 2. Nf3 e6 3. c4 b6 4. e3 Bb7 5. Bd3 Bb4+ 6. Nbd2 O-O 7. O-O d5 8. Ne5 Nbd7 9. f4 c5 10. a3 Bxd2 11. Bxd2 cxd4 12. exd4 dxc4 13. Nxc4 Nc5 14. dxc5 Qxd3 15. Rc1 bxc5 16. Be3 Qe4 17. Qf3 Qxf3 18. gxf3 Ba6 19. Rfd1 Nd5 20. Bxc5 Nxf4 21. Bxf8 Ne2+ 22. Kf2 Nxc1 23. Bd6 Bxc4 24. Rxc1 Bd5 25. Rc7 a6 26. b4 h5 27. h4 Rd8 28. Bc5 Bc4 29. a4 Rd2+ 30. Kg3 Rd3 31. Rc8+ Kh7 32. Rc7 Kg6 33. Ra7 e5 34. Kf2 Rd2+ 35. Kg3 Rd3 36. Kf2 Rb3 37. Bd6 Kf5 38. Rc7 Bd5 39. Ra7 Rxf3+ 40. Ke2 Rb3 41. Rxa6 Bc4+ 42. Kd2 Bxa6 43. Kc2 Ra3 44. b5 Rxa4 45. bxa6 Rxa6 46. Bf8 Rg6 47. Kd3 Rg4 48. Ke3 Rxh4 49. Bxg7 Rg4 50. Bf8 h4 51.
Kf3 h3 52. Bd6 h2 53. Bxe5 h1=Q+ 0-1

[Event "Early-Titled-Tuesday-Blitz-May-14-2024"]
[Site "Chess.com"]
[Date "2024.05.14"]
[Round "7"]
[White "Artemiki"]
[Black "Zhigalko_Sergei"]
[Result "0-1"]
[WhiteElo "2608"]
[BlackElo "2846"]
[TimeControl "180+1"]
[EndTime "9:20:05 PDT"]
[Termination "Zhigalko_Sergei won on time"]

1. e4 c5 2. Nf3 Nc6 3. d4 cxd4 4.
Nxd4 Nf6 5. Nc3 e5 6. Ndb5 d6 7. Bg5 a6 8. Na3 b5 9. Nd5 Be7 10. Bxf6 Bxf6 11. c4 b4 12. Nc2 O-O 13. g3 a5 14. h4 Be6 15. Bh3 a4 16. b3 Bxd5 17.
cxd5 Nd4 18. Nxd4 exd4 19. O-O Re8 20. Qd3 Qe7 21. f3 g6 22. Rfc1 axb3 23. axb3 Ra3 24. Rab1 Qa7 25. Rc2 h5 26. Rbc1 Qa4 27. Rb2 Qa7 28.
Rbc2 Qa4 29. Rb2 Kg7 30. Qc4 Qa5 31. Qd3 Re7 32. Rbc2 Qa4 33. Rb2 Qa7 34. Rbc2 Ra2 35. Kg2 Rxc2+ 36. Rxc2 Qa1 37. Rc8 Ra7 38. Rc2 Ra3 39.
Qc4 Qb1 40. Qc8 d3 41. Rc7 Ra2+ 0-1

[Event "Early-Titled-Tuesday-Blitz-May-14-2024"]
[Site "Chess.com"]
[Date "2024.05.14"]
[Round "7"]
[White "ViktoriyaTarasova"]
[Black "Manukyan_Artak"]
[Result "0-1"]
[WhiteElo "2328"]
[BlackElo "2565"]
[TimeControl "180+1"]
[EndTime "9:20:05 PDT"]
[Termination "Manukyan_Artak won on time"]

1. d4 d5 2. c4 dxc4 3. Nf3 Nf6 4. e3 e6 5. Bxc4 c5 6. Qe2 a6 7. O-O b5 8. Bb3 Bb7 9. a4 c4 10. Bc2 Nbd7 11. e4 Be7 12. Nbd2 O-O 13. e5 Nd5 14. Ne4 Nb4 15. Bb1 Nb6 16. a5 N6d5 17. Neg5 h6 18. Qe4 g6 19. Nxe6 Qd7 20. Nxf8 Bxf8 21.
Qh4 Ne7 22. Ra3 Nf5 23. Bxf5 Qxf5 24. Bxh6 Nd3 25. Bxf8 Bxf3 26. gxf3 Rxf8 27. Qg3 b4 28. Ra4 Qd7 29. Raa1 Qxd4 30. e6 Qxb2 31. exf7+ Rxf7 32. Kh1 Qf6 33. Qb8+ Kh7 34. Qg3 b3 35. Rad1 b2 36. Rxd3 cxd3 37. Qh3+ Kg7 38. Kg2 Qf5 39. Qg3 d2 40.
Qd6 b1=Q 41. Qd4+ Kh7 42. Qh4+ Kg8 43. Qd8+ Rf8 0-1

[Event "Early-Titled-Tuesday-Blitz-May-14-2024"]
[Site "Chess.com"]
[Date "2024.05.14"]
[Round "7"]
[White "bennyficial"]
[Black "jbking07"]
[Result "1-0"]
[WhiteElo "2162"]
[BlackElo "2370"]
[TimeControl "180+1"]
[EndTime "9:20:05 PDT"]
[Termination "bennyficial won on time"]

1. Nf3 d5 2. e3 g6 3. c4 c6 4. Nc3 Bg7 5. b3 e5 6. cxd5 cxd5 7. d4 e4 8. Bb5+ Bd7 9. Bxd7+ Qxd7 10. Nd2 Ne7 11.
Ba3 Nbc6 12. Qe2 O-O 13. O-O a6 14. Na4 Rad8 15. Rac1 f5 16. Nb6 Qe6 17. Bxe7 Qxe7 18. Rc5 f4 19. Nxd5 Qf7 20. Nxf4 Nxd4 21. exd4 Qxf4 22.
d5 Bd4 23. Rc4 Rxd5 24. Nxe4 b5 25. g3 Qf5 26. Rb4 Bb6 27. Nc3 Re5 28. Qd2 Ba5 29. Rf4 Qc8 30. Rxf8+ Kxf8 31. Qf4+ Rf5 32. Qd6+ Kg8 33.
Nd5 Bd8 34. Ne7+ Bxe7 35. Qxe7 Qc6 36. h4 a5 37. Rd1 Rf8 38. Rd7 Qc1+ 39. Kg2 Qc6+ 40.
Kh3 1-0

[Event "Early-Titled-Tuesday-Blitz-May-14-2024"]
[Site "Chess.com"]
[Date "2024.05.14"]
[Round "7"]
[White "DominguezOnYoutube"]
[Black "Aygehovit1992"]
[Result "1-0"]
[WhiteElo "3016"]
[BlackElo "2862"]
[TimeControl "180+1"]
[EndTime "9:20:06 PDT"]
[Termination "DominguezOnYoutube won on time"]

1. e4 c5 2. Nf3 e6 3. d4 cxd4 4.
Nxd4 Nc6 5. Nc3 Qc7 6. Be2 a6 7. Nxc6 bxc6 8. Qd3 Nf6 9. Qg3 Qxg3 10. hxg3 d5 11. g4 Nxe4 12. Nxe4 dxe4 13. Be3 e5 14.
O-O-O Be6 15. g5 Be7 16. Rh4 Bf5 17. Bc4 a5 18. g4 Bg6 19. Rhh1 a4 20. c3 Rd8 21.
Kc2 Rxd1 22. Rxd1 h5 23. gxh6 gxh6 24. b4 h5 25. gxh5 Rxh5 26. b5 cxb5 27. Bxb5+ Kf8 28. Bxa4 f5 29. Rg1 Bh7 30. Kb3 f4 31. Ba7 Bg8+ 32.
Kb2 Rh2 33. Bc2 Bh7 34. Kb3 e3 35. Bxh7 exf2 36. Bxf2 Rxh7 37. a4 e4 38. Bd4 Rf7 39. a5 Bf6 40. Bc5+ Ke8 41. a6 Bd8 42. a7 Rb7+ 43. Kc4 Rxa7 44. Bxa7 e3 45. Kd3 1-0

[Event "Early-Titled-Tuesday-Blitz-May-14-2024"]
[Site "Chess.com"]
[Date "2024.05.14"]
[Round "7"]
[White "Lion-Al-Messi"]
[Black "kids2010"]
[Result "1-0"]
[WhiteElo "2589"]
[BlackElo "2769"]
[TimeControl "180+1"]
[EndTime "9:20:06 PDT"]
[Termination "Lion-Al-Messi won by resignation"]

1. e4 c6 2. Nf3 d5 3. Nc3 dxe4 4.
Nxe4 Nf6 5. Nxf6+ exf6 6. Bc4 Bd6 7. Qe2+ Qe7 8. Qxe7+ Kxe7 9. O-O Be6 10. Re1 Kd7 11. Be2 Na6 12. c3 Nc7 13. d4 b5 14. a4 a6 15. h3 g6 16. Bd2 Bb3 17. axb5 axb5 18.
Be3 Nd5 19. Nd2 Nxe3 20. Nxb3 Nd5 21. Bf3 Nb6 22. Na5 Rhc8 23. g4 Na4 24. Nxc6 Rxc6 25.
b3 Nb6 26. Rxa8 Nxa8 27. Ra1 Nb6 28. Bxc6+ Kxc6 29. Ra7 Bc7 30. Kf1 h6 31. h4 h5 32.
gxh5 gxh5 33. Ke2 Nd5 34. Kd3 Nf4+ 35. Ke4 Ng6 36. c4 bxc4 37. bxc4 Nxh4 38. Ra6+ Kb7 39. Rxf6 Ng6 40. Rxf7 h4 41. Rh7 Nf8 42. Rh6 Bd8 43.
c5 Kc8 44. d5 Nd7 45. Kd4 Bg5 46. Rh8+ Kc7 47. d6+ Kb7 48. Kd5 Nf6+ 49. Ke6 Ng4 50. Rg8 Nxf2 51. Rxg5 Ne4 52. Rh5 h3 53. d7 Kc7 54.
Ke7 1-0

[Event "Early-Titled-Tuesday-Blitz-May-14-2024"]
[Site "Chess.com"]
[Date "2024.05.14"]
[Round "7"]
[White "Eagle_2019"]
[Black "AnishOnYoutube"]
[Result "0-1"]
[WhiteElo "2861"]
[BlackElo "3019"]
[TimeControl "180+1"]
[EndTime "9:20:07 PDT"]
[Termination "AnishOnYoutube won on time"]

1. d4 Nf6 2. c4 g6 3. g3 Bg7 4. Bg2 d6 5. Nc3 O-O 6. Nf3 c6 7. O-O Bf5 8. Ng5 Bd7 9. e4 e5 10. d5 h6 11. Nf3 cxd5 12. cxd5 Na6 13. h3 b5 14. Qe2 b4 15. Nb1 Nc5 16. Nfd2 a5 17.
a3 Rb8 18. Nc4 Nb3 19. Ra2 Bb5 20. axb4 axb4 21. Nbd2 Rc8 22. Nxb3 Bxc4 23. Qe3 Bxf1 24. Bxf1 Ra8 25. Rxa8 Qxa8 26. Bd2 Rb8 27. Be1 Qa2 28. Nd2 Qxb2 29. Nc4 Qd4 30. Qxd4 exd4 31. Bd3 b3 32. Ba5 b2 33. Nd2 Nd7 34. Bc7 Rc8 35. Bxd6 Rc1+ 36.
Kg2 Rd1 37. Bb4 Bf8 38. Ba5 Ne5 39. Bc2 Rc1 40. Bb1 Nc4 41. Nxc4 Rxc4 42. Bd2 Rc1 43. Bd3 b1=Q 44. Bxb1 Rxb1 45. e5 Rb2 0-1

[Event "Early-Titled-Tuesday-Blitz-May-14-2024"]
[Site "Chess.com"]
[Date "2024.05.14"]
[Round "7"]
[White "SirStrateg"]
[Black "DishonorOnYourCow"]
[Result "1-0"]
[WhiteElo "2687"]
[BlackElo "2532"]
[TimeControl "180+1"]
[EndTime "9:20:07 PDT"]
[Termination "SirStrateg won on time"]

1. d4 Nf6 2. Bg5 Ne4 3. Bf4 d5 4. e3 g6 5. Bd3 Bg7 6. Bxe4 dxe4 7. Nc3 c5 8. dxc5 Qa5 9. Ne2 Bg4 10. O-O Bxc3 11.
bxc3 O-O 12. f3 exf3 13. gxf3 Bh3 14. Rf2 Rd8 15. Qb1 Qxc5 16. Qxb7 Nd7 17. Qc7 Qf5 18. e4 Qf6 19. Rd1 Rac8 20. Qxa7 Ne5 21. Re1 g5 22.
Bxe5 Qxe5 23. Qe3 Qg7 24. Kh1 Kh8 25. f4 g4 26. e5 Qh6 27. Ng3 Qc6+ 28. Kg1 Qxc3 29.
Qxc3 Rxc3 30. Ra1 Ra3 31. c4 Rc8 32. Rc1 e6 33. c5 Ra5 34. c6 Rc7 35. Rfc2 Ra4 36.
Rf2 Ra6 37. Rfc2 Ra4 38. Rb2 Rxf4 39. Rb7 Rc8 40. c7 h5 41. Rb8 h4 42. Rxc8+ Kh7 43. Rh8+ 1-0

[Event "Early-Titled-Tuesday-Blitz-May-14-2024"]
[Site "Chess.com"]
[Date "2024.05.14"]
[Round "7"]
[White "Quattroporte300"]
[Black "ChainedDowntohell"]
[Result "1-0"]
[WhiteElo "2422"]
[BlackElo "2576"]
[TimeControl "180+1"]
[EndTime "9:20:07 PDT"]
[Termination "Quattroporte300 won on time"]

1. e4 g6 2. d4 d6 3. Nf3 c6 4. Bc4 b5 5. Bb3 Nf6 6. Qe2 a6 7. a4 bxa4 8. Rxa4 Bg7 9. O-O O-O 10. h3 a5 11. Re1 Ba6 12. Qe3 Nbd7 13. Nc3 Nb6 14. Ra1 Nfd7 15. Bd2 c5 16. dxc5 Nxc5 17. Ba2 a4 18. Rad1 Qb8 19. Bc1 Qb7 20. e5 Nc4 21.
Bxc4 Bxc4 22. exd6 exd6 23. Rxd6 Ne6 24. Ne5 Qc8 25. Rc6 Qb7 26. Rxc4 a3 27. bxa3 Rad8 28. Rb4 Qc7 29. Bb2 Rde8 30. Nb5 Qd8 31. Nc6 Qd7 32. Bxg7 Nxg7 33. Ne5 Qf5 34. Re4 f6 35. Nf3 Rxe4 36. Qxe4 Qxb5 37. Qb4 Qf5 38. Qb3+ Kh8 39. a4 Qc8 40. Ra1 Nf5 41. a5 Qa8 42. a6 Kg7 43. a7 Re8 44. Qb6 Re7 45. c4 Rb7 46. Qxb7+ Qxb7 47. a8=Q Qb2 48. Qa2 Qc3 49. Rd1 1-0

[Event "Early-Titled-Tuesday-Blitz-May-14-2024"]
[Site "Chess.com"]
[Date "2024.05.14"]
[Round "7"]
[White "alvarorodriguezavila"]
[Black "abelmat"]
[Result "1-0"]
[WhiteElo "2308"]
[BlackElo "2018"]
[TimeControl "180+1"]
[EndTime "9:20:07 PDT"]
[Termination "alvarorodriguezavila won on time"]

1. e4 e6 2. b3 d5 3. Bb2 dxe4 4.
Nc3 Nf6 5. Qe2 Nc6 6. O-O-O Be7 7. Nxe4 O-O 8. Nf3 Nxe4 9. Qxe4 Bf6 10. d4 Bd7 11. h4 Nb4 12. Kb1 Bc6 13. Qe1 a5 14. Ne5 Qe7 15. a3 Nd5 16. Bd3 Nf4 17.
Nxc6 bxc6 18. Qe4 Nxd3 19. Rxd3 c5 20. d5 exd5 21. Qxe7 Bxe7 22. Rxd5 Rad8 23. Rhd1 Rxd5 24. Rxd5 Bxh4 25. Rxc5 Bxf2 26. Rxc7 h6 27. c4 Re8 28.
Rd7 Re1+ 29. Kc2 Re2+ 30. Rd2 Rxd2+ 31. Kxd2 g5 32. b4 Bb6 33. c5 Ba7 34. g4 Kh7 35. Be5 Kg6 36. Kd3 f5 37. Kc4 fxg4 38. b5 h5 39. b6 Bxb6 40. cxb6 h4 41. b7 g3 42. b8=Q g2 43. Qb1+ Kh5 44. Qg1 h3 45. Bh2 g4 46. Kd3 Kh4 47. Qf2+ 1-0

[Event "Early-Titled-Tuesday-Blitz-May-14-2024"]
[Site "Chess.com"]
[Date "2024.05.14"]
[Round "7"]
[White "chesslh93"]
[Black "MathiasWomacka"]
[Result "0-1"]
[WhiteElo "2332"]
[BlackElo "2522"]
[TimeControl "180+1"]
[EndTime "9:20:08 PDT"]
[Termination "MathiasWomacka won on time"]

1. e4 c5 2. Nf3 d6 3. d4 cxd4 4. Nxd4 Nf6 5. Nc3 a6 6. Be2 e5 7. Nb3 Be7 8. O-O O-O 9. Be3 Be6 10. Qd2 Nbd7 11. a4 Nb6 12. a5 Nc4 13. Bxc4 Bxc4 14. Rfd1 h6 15. Nc1 Rc8 16. Bb6 Qe8 17. Nd3 Be6 18. f3 Nd7 19. Be3 f5 20. exf5 Rxf5 21. Nb4 Qg6 22. Nbd5 Bf8 23. Kh1 Rf7 24. Rac1 Bf5 25.
Bf2 Nf6 26. Nxf6+ gxf6 27. Nd5 Rxc2 28. Rxc2 Bxc2 29. Rc1 Bb3 30. h3 h5 31. Bh4 Kh7 32.
Rc3 Bh6 33. Qd3 Qxd3 34. Rxd3 Bc4 35. Rd1 Kg6 36. Kg1 Bf8 37. Bf2 Bxd5 38. Rxd5 Rc7 39. Bb6 Rc2 40. b4 Kf5 41. b5 Ke6 42. bxa6 bxa6 43.
Rd1 d5 44. Rb1 d4 45. Kf1 f5 0-1

[Event "Early-Titled-Tuesday-Blitz-May-14-2024"]
[Site "Chess.com"]
[Date "2024.05.14"]
[Round "7"]
[White "Darko-Dimitrijevic"]
[Black "margarita_2703"]
[Result "0-1"]
[WhiteElo "2210"]
[BlackElo "2341"]
[TimeControl "180+1"]
[EndTime "9:20:08 PDT"]
[Termination "margarita_2703 won by resignation"]

1. c4 Nf6 2. b3 d5 3. cxd5 Nxd5 4. Bb2 Nf6 5. g3 c5 6. Bg2 e6 7. Nf3 Nc6 8. d3 Be7 9. O-O O-O 10. Nbd2 Rb8 11.
Rc1 b6 12. Nc4 Bb7 13. Qc2 Nb4 14. Qb1 Rc8 15. a3 Nc6 16. Nfe5 Nxe5 17. Bxb7 Nxc4 18. bxc4 Rb8 19. Bf3 Nd7 20. Bc3 Bf6 21. a4 Bxc3 22. Rxc3 Qf6 23. Rb3 Ne5 24. Bg2 Rbd8 25. a5 bxa5 26. Rb7 Rd7 27. Rb5 Rc7 28. Rxa5 h5 29. h4 g5 30. hxg5 Qxg5 31. Qb2 h4 32.
gxh4 Qh5 33. Rfa1 Ng4 34. Bf3 Qxh4 35. Bxg4 Qxg4+ 36. Kf1 Qh3+ 37. Ke1 Qg2 38. Qf6 Ra8 39. Kd2 Qg7 40. Qxg7+ Kxg7 41. Rb1 Kf6 42. Rbb5 Rac8 43. Ra6 Ke7 44. Kc3 Kd7 45. Rba5 Ra8 46. Kc2 Kc8 47.
Rd6 Kb7 48. Rda6 Rc6 49. Rxc6 Kxc6 50. Kd2 a6 51. Ke3 Kb6 52. Ra1 a5 53. Kd2 a4 54.
Kc2 Ka5 55. Kb2 Rb8+ 56. Ka2 Rb3 57. Rg1 Kb4 58. Rg8 Kc3 59. Rf8 Rb2+ 60. Ka3 Rxe2 61. Rxf7 Kxd3 62. Rf4 e5 63. Rh4 e4 64. Kxa4 Kxc4 65. f3 Kd3 66. fxe4 Rxe4+ 67. Rxe4 Kxe4 68. Kb3 Kd3 69. Kb2 c4 70. Kc1 Kc3 71. Kb1 Kd2 0-1

[Event "Early-Titled-Tuesday-Blitz-May-14-2024"]
[Site "Chess.com"]
[Date "2024.05.14"]
[Round "7"]
[White "KanalSzachowy"]
[Black "cristiano78"]
[Result "1-0"]
[WhiteElo "2399"]
[BlackElo "2245"]
[TimeControl "180+1"]
[EndTime "9:20:08 PDT"]
[Termination "KanalSzachowy won on time"]

1. e4 c5 2. Nc3 d6 3. d4 cxd4 4.
Qxd4 Nc6 5. Qd2 Nf6 6. b3 g6 7. Bb2 Bg7 8. O-O-O O-O 9. f3 a5 10. Bb5 Bd7 11. Nge2 Rb8 12. h4 h5 13. Kb1 Nb4 14. a3 Bxb5 15. Nxb5 Qb6 16. Nbd4 Nc6 17. g4 hxg4 18. fxg4 Nxe4 19. Qe3 d5 20. Qf3 Ne5 21. Qg3 Rbc8 22. Qg1 a4 23. Nf5 Qxg1 24.
Nxe7+ Kh7 25. Rdxg1 axb3 26. cxb3 Rcd8 27. h5 g5 28. h6 Bf6 29. Nf5 Kg6 30. h7 Nxg4 31.
Rxg4 Kxf5 32. Rgg1 Bxb2 33. Kxb2 Ke5 34. Ng3 f5 35. Nh5 d4 36. Ng7 d3 37. Rf1 1-0

[Event "Early-Titled-Tuesday-Blitz-May-14-2024"]
[Site "Chess.com"]
[Date "2024.05.14"]
[Round "7"]
[White "Pumpkin_in_moonlight"]
[Black "falzehope0"]
[Result "1-0"]
[WhiteElo "2194"]
[BlackElo "2352"]
[TimeControl "180+1"]
[EndTime "9:20:09 PDT"]
[Termination "Pumpkin_in_moonlight won on time"]

1. e4 d6 2. d4 Nf6 3. Nc3 Nbd7 4. Be3 e5 5. h3 c6 6. Nf3 Be7 7. a4 Qa5 8. Bd3 O-O 9. O-O Re8 10. Ne2 Nf8 11. Ng3 Ng6 12. c3 h6 13. Qd2 Nh7 14. b4 Qd8 15. a5 a6 16. Rfd1 Bg5 17.
Nxg5 hxg5 18. Bc2 Qe7 19. d5 Rd8 20. Bb3 Nf4 21. Ne2 Qf6 22. Nxf4 gxf4 23. Bb6 Rd7 24. f3 Ng5 25. Kf1 Qh6 26. Qf2 Re7 27. dxc6 bxc6 28.
Ba4 Bb7 29. c4 Rc8 30. c5 d5 31. exd5 cxd5 32. Rac1 Bc6 33. Bxc6 Qxc6 34. Rd2 e4 35. Qh4 f6 36. Re2 exf3 37. Rxe7 fxg2+ 38. Kf2 Re8 39. Rce1 Rxe7 40. Rxe7 Kf8 41. Rc7 1-0

[Event "Early-Titled-Tuesday-Blitz-May-14-2024"]
[Site "Chess.com"]
[Date "2024.05.14"]
[Round "7"]
[White "IvanMorovic"]
[Black "Lennis93"]
[Result "1-0"]
[WhiteElo "2596"]
[BlackElo "2791"]
[TimeControl "180+1"]
[EndTime "9:20:10 PDT"]
[Termination "IvanMorovic won on time"]

1. e4 e6 2. d4 d5 3. Nc3 Bb4 4. e5 c5 5. a3 Bxc3+ 6. bxc3 Qc7 7. Nf3 b6 8. Bb5+ Bd7 9. Bd3 c4 10. Be2 Ba4 11. O-O Ne7 12. g3 h6 13. Nh4 Nd7 14. f4 g6 15. Be3 O-O-O 16. Rf2 Nf5 17. Nxf5 exf5 18. g4 fxg4 19. Bxg4 f5 20. exf6 Kb7 21. Be6 Nxf6 22. Qf3 Rd6 23. f5 g5 24. h4 Ne4 25.
Rg2 Bd7 26. Bxd5+ Rxd5 27. Qxe4 Bc6 28. Qg4 Qf7 29. Rf1 Ra5 30. Rg3 Qd5 31. Qh3 Bd7 32.
hxg5 Bxf5 33. Qg2 Be4 34. Qh2 Ka6 35. g6 Rxa3 36. g7 Rg8 37. Qxh6 Rxc3 38. Rg5 Qd7 39. Rf8 Rxg7 40. Rxg7 Qa4 41. Rf1 Rxc2 42. Qf4 Bd3 43. Qc7 1-0

[Event "Early-Titled-Tuesday-Blitz-May-14-2024"]
[Site "Chess.com"]
[Date "2024.05.14"]
[Round "7"]
[White "HajiyevKanan"]
[Black "jasrom"]
[Result "0-1"]
[WhiteElo "2471"]
[BlackElo "2355"]
[TimeControl "180+1"]
[EndTime "9:20:11 PDT"]
[Termination "jasrom won by checkmate"]

1. d4 d5 2. c4 e6 3. cxd5 exd5 4. Nf3 Nf6 5. Nc3 Bf5 6. Qb3 Nc6 7. Bg5 Na5 8. Qa4+ c6 9. e3 Be7 10. Be2 b5 11. Qd1 Nc4 12. Bxc4 bxc4 13. O-O O-O 14.
Ne5 Qb6 15. Qd2 Rab8 16. Na4 Qb5 17. b3 Ne4 18. Nc3 Nxd2 19. Nxb5 Bxg5 20. Nxc6 Rxb5 21.
Rfd1 c3 22. Rac1 Ne4 23. Kf1 c2 24. Re1 Nc3 25. Ra1 Bd3+ 26. Kg1 Ne2+ 27. Kh1 c1=Q 28. Raxc1 Nxc1 29. Rxc1 a5 30. Rc3 Be4 31. f3 Bg6 32. g4 h5 33. f4 Be4+ 34. Kg1 Bh4 35. gxh5 g6 36. hxg6 Kg7 37. gxf7 Kxf7 38. Ne5+ Ke6 39. Rc6+ Kf5 40. Rg6 a4 41. h3 axb3 42. axb3 Rxb3 43. Kh2 Rb2+ 44. Kg1 Ra8 45. Rg5+ Bxg5 46. fxg5 Ra1# 0-1

[Event "Early-Titled-Tuesday-Blitz-May-14-2024"]
[Site "Chess.com"]
[Date "2024.05.14"]
[Round "7"]
[White "AnaKuchava"]
[Black "GMthekingindian"]
[Result "1-0"]
[WhiteElo "2202"]
[BlackElo "2288"]
[TimeControl "180+1"]
[EndTime "9:20:12 PDT"]
[Termination "AnaKuchava won by checkmate"]

1. d4 d5 2. Nf3 Nf6 3. c4 e6 4. Nc3 c5 5. cxd5 Nxd5 6. e4 Nxc3 7. bxc3 cxd4 8. cxd4 Bb4+ 9. Bd2 Bxd2+ 10. Qxd2 O-O 11. Bd3 Nc6 12. Qe3 Qa5+ 13. Ke2 b6 14. Rhc1 Nb4 15. Bc4 Ba6 16. Bxa6 Qxa6+ 17. Kd1 Qf1+ 18. Ne1 Rfd8 19. a3 Na6 20. Rab1 Nc5 21. Rb2 Rd7 22. Rd2 Rad8 23.
Rcc2 h6 24. dxc5 Rxd2+ 25. Rxd2 Rxd2+ 26. Kxd2 bxc5 27. Qxc5 h5 28. Qxa7 h4 29. Qd4 Qb5 30. a4 Qa5+ 31. Ke3 Qg5+ 32. f4 Qa5 33. Nd3 Qc7 34.
Qc5 Qb7 35. a5 Qb3 36. a6 Qb1 37. a7 Qg1+ 38. Ke2 Qxg2+ 39. Qf2 Qg4+ 40. Kd2 Qe2+ 41. Qxe2 Kh7 42. a8=Q g5 43. Qc6 Kh6 44. Qc7 f5 45.
Qf7 gxf4 46. exf5 Kg5 47. Qfxe6 f3 48. Qg6# 1-0

[Event "Early-Titled-Tuesday-Blitz-May-14-2024"]
[Site "Chess.com"]
[Date "2024.05.14"]
[Round "7"]
[White "laiciffOneslraCsungaM"]
[Black "Kazmin_Semyon"]
[Result "1-0"]
[WhiteElo "2428"]
[BlackElo "2579"]
[TimeControl "180+1"]
[EndTime "9:20:14 PDT"]
[Termination "laiciffOneslraCsungaM won by resignation"]

1. Nf3 Nf6 2. g3 g6 3. Bg2 Bg7 4. b3 O-O 5. Bb2 d6 6. d4 c5 7. O-O Nc6 8. c4 a6 9. Nc3 Rb8 10. e3 b5 11. cxb5 axb5 12. dxc5 dxc5 13. Qe2 Qa5 14. Rfd1 Ba6 15. Qe1 c4 16. Nd4 Nxd4 17.
Rxd4 b4 18. Nd5 Nxd5 19. Rxd5 Qxd5 20. Bxg7 Qc5 21. Bxf8 Kxf8 22. bxc4 Bxc4 23. Rc1 Qb5 24. Qd2 Be6 25. Qd4 f6 26. Rc5 Qa4 27. Bd5 Rd8 28. Kg2 Kg7 29. Qc4 Bxd5+ 30. Rxd5 Qa8 31. e4 Rxd5 32.
exd5 Qb7 33. Qc6 Qb8 34. Qd7 Kf7 35. Qe6+ Kf8 36. Qc6 f5 37. Qe6 Qc7 38. Qc6 Qxc6 39. dxc6 Ke8 40. Kf3 e5 41. Ke3 Kd8 42. Kd3 Kc7 43. Kc4 Kxc6 44. Kxb4 e4 45. Kc4 Kd6 46. Kd4 h6 47. h4 g5 48. h5 g4 49. Ke3 Ke5 50.
a4 Kf6 51. Kf4 Ke6 52. a5 Kf6 53. a6 1-0

[Event "Early-Titled-Tuesday-Blitz-May-14-2024"]
[Site "Chess.com"]
[Date "2024.05.14"]
[Round "7"]
[White "Alenzer"]
[Black "KatakuriDono"]
[Result "0-1"]
[WhiteElo "2203"]
[BlackElo "2307"]
[TimeControl "180+1"]
[EndTime "9:20:14 PDT"]
[Termination "KatakuriDono won by resignation"]

1. e4 c5 2. Nf3 Nc6 3. d4 cxd4 4. Nxd4 Qb6 5. Nb3 Nf6 6. Bd3 d5 7. exd5 Nxd5 8. O-O g6 9. Bxg6 hxg6 10. Qxd5 Be6 11. Qf3 O-O-O 12. Be3 Qc7 13. Bf4 Qd7 14. Nc3 Bg7 15. Nc5 Qd4 16. Nb3 Qf6 17. Ne4 Qf5 18.
Rfd1 Bd5 19. Nbc5 e5 20. Nd6+ Rxd6 21. Rxd5 Rxd5 22. Qxd5 exf4 23. Qxf5+ gxf5 24. c3 Re8 25. Kf1 b6 26. Nd3 Bh6 27. a4 Ne5 28. Nb4 Rd8 29.
Ke2 Nc4 30. Nd3 f3+ 31. gxf3 Nxb2 32. Nxb2 Rd2+ 33. Kf1 Rxb2 34. a5 b5 35. a6 Bg7 36.
Ra5 Bxc3 37. Ra3 Bd4 38. Rd3 Rxf2+ 39. Ke1 Bb6 40. Rc3+ Kd7 41. Rd3+ Ke6 42. Rb3 Rxh2 43. Rxb5 Ra2 44. Rb3 Rxa6 45. Ke2 Ra2+ 46. Ke1 Ke5 47.
Rb5+ Kf4 48. Rb3 Rh2 49. Kf1 Be3 50. Ra3 Kxf3 51. Rxe3+ Kxe3 52. Kg1 Rb2 53. Kh1 a5 0-1